 Dungeon Crawl Stone Soup version 0.17-a0-2073-gde5cdba (webtiles) character file.

565429 kroki the Acrobat (level 27, -8/188 HPs)
             Began as a Kobold Berserker on Oct 15, 2015.
             Was the Champion of Trog.
             Mangled by a green draconian monk (15 damage)
             ... on level 1 of the Realm of Zot.
             The game lasted 02:28:10 (79281 turns).

kroki the Acrobat (Kobold Berserker)               Turns: 79281, Time: 02:28:10

Health: -8/188     AC: 38    Str: 17    XL:     27
Magic:  18/36      EV: 34    Int:  5    God:    Trog [******]
Gold:   3884       SH:  9    Dex: 23    Spells: 0 memorised, 26 levels left

rFire  + + .     SeeInvis +     l - +9 quick blade (protect)
rCold  . . .     Clarity  .     W - +8 fire dragon armour {rF++, rC-}
rNeg   . . .     SustAt   .     x - +2 buckler
rPois  .         Gourm    .     E - +2 hat
rElec  +         Spirit   .     i - +2 cloak {+Inv}
rCorr  .         Warding  .     p - +3 pair of gauntlets of War {Slay+5}
rMut   .         Stasis   .     (no boots)
MR     ++...                    h - amulet of regeneration {+regen, !d}
Stlth  +++++++++.               X - ring "Keh Voat" {rC+ Stlth+}
                                e - +6 ring of slaying {=R}

@: lethally poisoned (-8 -> -11), exhausted, slowed, very slow, very resistant
to hostile enchantments, incredibly stealthy
A: hooves 1, horns 1, see invisible, carnivore 3, clumsy 2, sense surroundings
1, electricity resistance, wild magic 1, MP-powered wands
a: Burn Spellbooks, Berserk, Trog's Hand, Brothers in Arms, Renounce Religion,
Evoke Invisibility
}: 3/15 runes: barnacled, silver, gossamer


You were on level 1 of the Realm of Zot.
You worshipped Trog.
Trog was exalted by your worship.
You were very hungry.

You visited 11 branches of the dungeon, and saw 53 of its levels.
You visited 1 ziggurat, and saw 6 of its levels.
You also visited: Bailey and Ice Cave.

You collected 9222 gold pieces.
You spent 5338 gold pieces at shops.

Inventory:

Hand Weapons
 l - a +9 quick blade of protection (weapon)
   (Trog gifted it to you on level 3 of the Lair of Beasts)
 w - the +7 scimitar "Trog's Fury" {antimagic, rF- Dex+6 SInv}
   (You took it off a tengu reaver on level 5 of the Vaults)

   It disrupts the flow of magical energy around spellcasters and certain
   magical creatures (including the wielder).
   It affects your dexterity (+6).
   It makes you vulnerable to fire.
   It lets you see invisible.
Missiles
 M - 10 throwing nets {=f, !d =q =Q}
Armour
 i - a +2 cloak of invisibility (worn)
   (You took it off Crazy Yiuf on level 2 of the Dungeon)
 p - the +3 pair of gauntlets of War (worn) {Slay+5}
   (You bought it in a shop on level 1 of the Orcish Mines)

   It affects your accuracy and damage with ranged weapons and melee attacks
   (+5).
 x - a +2 buckler (worn)
   (You took it off a deep elf fighter on level 2 of the Elven Halls)
 D - a +2 pair of boots of flying
   (You acquired it on level 5 of the Vaults)
 E - a +2 hat (worn)
   (You took it off an octopode crusher on level 5 of the Depths)
 W - a +8 fire dragon armour (worn) {rF++, rC-}
   (You bought it in a shop on level 3 of the Vaults)
Rods
 U - a +9 rod of clouds (5/13) {!a}
   (You found it on level 12 of the Dungeon)
Jewellery
 e - a +6 ring of slaying (left hand) {=R}
   (You bought it in a shop on level 4 of the Dungeon)
 h - an amulet of regeneration (around neck) {+regen, !d}
   (You found it on level 1 of the Spider Nest)
 n - the ring of Qaeli {+Fly rElec MP+9 Str+2}
   (You found it on level 4 of a ziggurat)

   [ring of flight]

   It affects your strength (+2).
   It insulates you from electricity.
   It affects your magic capacity (+9).
   It lets you fly.
 t - an uncursed amulet of resist corrosion {rCorr, !d}
   (You found it on level 1 of the Crypt)
 u - an uncursed ring of protection from magic {MR+, !d}
   (You took it off a vault sentinel on level 3 of the Vaults)
 B - an uncursed ring of poison resistance {rPois, !d}
   (You found it on level 2 of the Lair of Beasts)
 X - the ring "Keh Voat" (right hand) {rC+ Stlth+}
   (You found it in an ice cave)

   [ring of stealth]

   It protects you from cold.
   It makes you more stealthy.
Wands
 Y - a wand of disintegration (10)
   (You found it on level 14 of the Dungeon)
Scrolls
 d - 5 scrolls of identify
 k - a scroll of holy word {!r}
 m - a scroll of fear
 o - 20 scrolls of teleportation
 r - 3 scrolls of summoning
 v - 4 scrolls of magic mapping {!r}
 y - 8 scrolls of enchant weapon
 A - 5 scrolls of blinking {!r}
 N - 5 scrolls of recharging
 O - 13 scrolls of remove curse
 P - 8 scrolls of enchant armour
 T - 3 scrolls of immolation {!r}
 Z - 5 scrolls of fog
Potions
 j - 10 potions of curing
 q - 7 potions of agility
 s - 7 potions of haste
 z - 4 potions of heal wounds
 C - 5 potions of cancellation
 F - 4 potions of cure mutation {!q}
 I - 7 potions of might
 J - 4 potions of invisibility
 K - 4 potions of brilliance
 S - 5 potions of resistance
Miscellaneous
 a - a lamp of fire (inert)
   (You found it on level 1 of the Vaults)
 f - 2 phantom mirrors
 g - a box of beasts
   (You found it on level 4 of the Vaults)
 H - a phial of floods
   (You found it on level 1 of the Crypt)
 L - a fan of gales
   (You found it on level 3 of the Elven Halls)
 Q - an ornate deck of summoning {the Pentagram}
   (You found it on level 1 of the Elven Halls)
 R - a box of beasts
   (You found it on level 3 of the Elven Halls)
 V - a box of beasts {used: 8}
   (You found it on level 1 of the Shoals)
Comestibles
 b - 18 beef jerkies
 c - 19 meat rations {@e2}


   Skills:
 * Level 23.3 Fighting
 - Level 12.0 Short Blades
 * Level 18.5 Armour
 * Level 25.6 Dodging
 - Level 24.7 Stealth
 - Level 5.4 Shields
 + Level 19.6 Evocations


You had 26 spell levels left.
You didn't know any spells.

Dungeon Overview and Level Annotations

Branches:
Dungeon (15/15)            Temple (1/1) D:4            Lair (8/8) D:8
 Shoals (4/4) Lair:3       Spider (4/4) Lair:5        Slime (0/6) Lair:7
    Orc (4/4) D:12            Elf (3/3) Orc:4        Vaults (5/5) D:14
  Crypt (3/3) Vaults:3       Tomb (0/3) Crypt:3      Depths (5/5) D:15
    Zot (1/5) Depths:5

Altars:
Ashenzari
Cheibriados
Dithmenos
Elyvilon
Gozag
Kikubaaqudgha
Nemelex Xobeh
Okawaru
Qazlal
Ru
Sif Muna
Vehumet
Xom
Yredelemnul
Beogh

Shops:
D:4 =   D:5 %   D:11 *   D:12 %   Orc:1 *   Orc:2 %   Orc:3 ?   Orc:4 ?}?([
Elf:2 (*   Elf:3 [   Shoals:4 !   Vaults:3 [   Vaults:4 }   Depths:2 [*[
Depths:5 !

Portals:
Pandemonium: Orc:4 Depths:2 Depths:3 Depths:5
Trove: Vaults:2 (show slimy rune of Zot)

Annotations:
D:4 1 runed door
Lair:7 exclusion: 2 oklob plants
Shoals:3 Mara


Innate Abilities, Weirdness & Mutations

You are small and have problems with some larger weapons.
You are carnivorous and can eat meat at any time.
You have large cloven feet.
You have a pair of small horns on your head.
You have supernaturally acute eyesight.
You are very clumsy. (Dex -4)
You passively map a small area around you.
You are resistant to electric shocks.
Your spells are a little harder to cast, but a little more powerful.
You expend magic power (3 MP) to strengthen your wands.


Message History

The green draconian monk tail-slaps you!
* * * LOW HITPOINT WARNING * * *
The green draconian monk tail-slaps you but does no damage.
You hear a roar!
You take 9 damage, and have 48/188 hp.
Drink which item? (? for menu, Esc to quit)
You feel much better.
You feel very sick.
The golden dragon is engulfed in roaring flames.
The green draconian monk is engulfed in roaring flames.
You block the green draconian monk's attack. x2
The green draconian monk tail-slaps you but does no damage. x2
The white draconian caller is engulfed in roaring flames.
Send 'em back where they came from!
Trog shields your ally from puny magic! x2
The bone dragon is engulfed in roaring flames.
The green draconian monk is engulfed in roaring flames.
The green draconian monk hits you but does no damage.
The green draconian monk misses you.
The green draconian monk barely misses you.
The green draconian monk completely misses you.
The white draconian caller is engulfed in roaring flames.
The bone dragon is engulfed in roaring flames.
You regained 18 hp, and now have 66/188 hp.
Drink which item? (? for menu, Esc to quit)
You feel much better.
You feel very sick.
The golden dragon is no longer berserk.
The green draconian monk is engulfed in roaring flames.
The green draconian monk completely misses you.
The green draconian monk kicks you.
The green draconian monk tail-slaps you!
You block the green draconian monk's attack.
The golden dragon is engulfed in roaring flames.
The white draconian caller is engulfed in roaring flames.
The green draconian monk is engulfed in roaring flames.
The green draconian monk barely misses you.
The green draconian monk completely misses you.
You block the green draconian monk's attack.
The green draconian monk tail-slaps you!
Your fire elemental hits the golden dragon.
Your fire elemental burns the golden dragon!
The golden dragon resists.
You take 7 damage, and have 59/188 hp.
You hit the green draconian monk. You kick the green draconian monk.
Your headbutt misses the green draconian monk.
You feel sick.
The green draconian monk is engulfed in roaring flames.
The green draconian monk hits you!!
* * * LOW HITPOINT WARNING * * *
The green draconian monk kicks you!!
* * * LOW HITPOINT WARNING * * *
You block the green draconian monk's attack.
The green draconian monk tail-slaps you but does no damage.
The white draconian caller is engulfed in roaring flames.
The golden dragon is engulfed in roaring flames.
You take 50 damage, and have 9/188 hp.
MASSIVE DAMAGE!!
You swap places.
* * * LOW HITPOINT WARNING * * *
You feel very sick.
Your fire elemental hits the golden dragon.
Your fire elemental burns the golden dragon!
The golden dragon resists.
The green draconian monk is engulfed in roaring flames.
The green draconian monk barely misses your fire elemental.
The green draconian monk kicks your fire elemental!!
The green draconian monk tail-slaps your fire elemental. x2
Your fire elemental closely misses the green draconian monk.
Your fire elemental hits the golden dragon.
Your fire elemental burns the golden dragon!
The golden dragon resists.
The white draconian caller is engulfed in roaring flames.
The white draconian caller casts a spell.
Your fire elemental closely misses the green draconian monk.
The green draconian monk is engulfed in roaring flames.
The green draconian monk hits your fire elemental!!!
Your fire elemental is destroyed!
The bone dragon is engulfed in roaring flames.
The golden dragon is engulfed in roaring flames.
The golden dragon bites your fire elemental!
The golden dragon claws your fire elemental!
The golden dragon tramples your fire elemental!
Your fire elemental holds its ground!
You take 2 damage, and have 7/188 hp.
Unknown command.
Drink which item? (? for menu, Esc to quit)
You feel much better.
You feel very sick.
Your fire elemental hits the golden dragon.
Your fire elemental burns the golden dragon!
The golden dragon resists.
The white draconian caller mumbles some strange words.
The bone dragon is engulfed in roaring flames.
Your fire elemental barely misses the golden dragon.
The green draconian monk hits you!!
* * * LOW HITPOINT WARNING * * *
The green draconian monk completely misses you.
The green draconian monk tail-slaps you!
You die...

, #.........§#.#
#≈≈≈≈≈≈§≈
#........#§#.###§§§..§.§
, *
#........ll..##≈≈§.§§§.§
#........#E###§§§p§§§§..,
,
#........#Dq§ddq§pd§§§..
,#####'##.#D###§§§d.§§§..
,........##.#D#
##≈≈≈§§§§.§
##########.#q# ##≈≈≈....§
#.#@# ##≈≈≈≈≈≈≈ #.#.# *
§≈#≈≈## #.#.. ######
#.#... , #.#.### #.#.#* ,
* #.#.. , , , * #.#*, * *


You could see a bone dragon, a green draconian monk (berserk), a golden dragon,
a white draconian caller, 2 komodo dragons, a mottled dragon and a friendly fire
elemental.

Vanquished Creatures
  5 ancient liches
  An orb of fire (Zot:1)
  Mennas (Crypt:1)
  Frederick (Vaults:3)
  Nikola (Spider:3)
  4 golden dragons
  Jory (Crypt:2)
  A bone dragon (Depths:5)
  2 liches
  Jorgrun (Elf:3)
  3 tentacled monstrosities
  Rupert (Orc:3)
  An Ice Fiend (IceCv)
  The ghost of B1inky the Spry, an adept OpMo of Ashenzari (Vaults:3)
  3 deep elf blademasters
  A quicksilver dragon (Zig:5)
  4 titans (Vaults:5)
  2 death cobs (Zot:1)
  Polyphemus (Shoals:4)
  2 sphinxes (Crypt:3)
  Gastronok (D:9)
  7 ancient champions
  An eldritch tentacle (Zig:6)
  An octopode crusher (Depths:5)
  Kirke (D:14)
  6 tengu reavers
  10 shadow dragons
  2 revenants
  6 storm dragons
  Roxanne (Spider:3)
  7 fire giants
  Ilsuiw (Shoals:4)
  A draconian monk (Zot:1)
  6 iron dragons
  Donald (Elf:3)
  4 deep elf sorcerers (Elf:3)
  Maud (Lair:4)
  A curse skull (Crypt:3)
  6 frost giants
  19 vault wardens
  A draconian zealot (Depths:5)
  4 ghost moths
  2 emperor scorpions (Spider:4)
  14 stone giants
  8 ghouls
  8 very ugly things
  7 war gargoyles
  22 ironheart preservers
  3 black draconians
  8 deep elf demonologists
  Nessos (Lair:6)
  A green draconian (Depths:5)
  3 vampire knights
  2 mottled draconians (Zot:1)
  A white draconian (Zot:1)
  13 deep elf annihilators
  A purple draconian (Zot:1)
  2 red draconians (Zot:1)
  4 yellow draconians
  6 deep elf death magi
  Snorg (Lair:7)
  36 vault guards
  6 eidola
  7 ettins
  3 entropy weavers
  2 merfolk javelineers (Shoals:4)
  6 merfolk impalers (Shoals:4)
  4 fire dragons
  The ghost of pk666 the Cleaver, a journeyman MiBe of Trog (Lair:2)
  12 jiangshi
  Josephine (D:15)
  14 yaktaur captains
  5 deep elf high priests
  5 great orbs of eyes
  A quicksilver dragon skeleton (Crypt:3)
  Harold (Orc:3)
  4 ice dragons
  A catoblepas (Shoals:4)
  2 death knights
  10 ogre magi
  Erica (Lair:1)
  2 rakshasas
  15 hydras
  A ghost crab (Zig:6)
  A merfolk avatar (Shoals:2)
  7 centaur warriors
  An anaconda (shapeshifter) (Vaults:4)
  3 alligator snapping turtles
  11 dancing weapons (Elf:2)
  2 merfolk aquamancers
  2 satyrs
  5 deep troll shamans
  11 death yaks
  4 vampire magi
  8 deep troll earth magi
  4 tengu warriors
  3 orc high priests (Orc:4)
  A titan zombie (Crypt:2)
  Urug (D:12)
  A shock serpent (Zig:2)
  Sonja (D:14)
  3 soul eaters
  Nergalle (D:11)
  A fire crab (Lair:8)
  2 titan skeletons
  31 deep elf knights
  An iron troll (Depths:5)
  6 ice devils
  24 skeletal warriors
  A large abomination (Elf:3)
  11 sea snakes
  A hill giant (shapeshifter) (Depths:2)
  4 shadow wraiths
  22 deep trolls
  2 giant orange brains
  A fire crab (shapeshifter) (Vaults:3)
  16 ironbrand convokers
  7 flayed ghosts
  An ice statue (IceCv)
  35 harpies
  An obsidian statue (Elf:1)
  3 wizards
  2 gelid demonspawn (Orc:4)
  Pikel (D:7)
  23 deep elf summoners
  18 orc knights
  3 unseen horrors
  8 hill giants
  A golden dragon skeleton (Zig:6)
  9 manticores
  21 deep elf conjurers
  26 ugly things
  20 phantasmal warriors
  A mana viper (Zig:2)
  8 moths of wrath
  5 necromancers
  3 oklob plants (Lair:7)
  A wolf spider zombie (D:13)
  A sphinx zombie (Vaults:4)
  2 lindwurms (Lair:6)
  28 wolf spiders
  A shadow dragon skeleton (Crypt:3)
  A hornet (shapeshifter) (Elf:1)
  15 orb spiders
  2 statues (D:12)
  9 cyclopes
  2 fire giant zombies
  A frost giant zombie (Zig:3)
  8 orc sorcerers
  28 fauns
  4 sirens
  7 griffons
  10 hornets
  An octopode (shapeshifter) (Depths:1)
  6 water nymphs
  3 iron dragon skeletons
  A rust devil (Zig:3)
  10 elephants
  Maurice (D:8)
  The ghost of Ohli the Covered, a novice MiFi of Nemelex Xobeh (D:5)
  12 fire giant skeletons
  10 black mambas
  4 frost giant skeletons
  19 vault sentinels
  An alligator snapping turtle zombie (Crypt:2)
  2 guardian serpents (Depths:2)
  An orange crystal statue (Zig:6)
  22 spiny frogs
  3 torpor snails
  A yaktaur zombie (Vaults:4)
  4 gargoyles (Crypt:3)
  2 dire elephant skeletons
  A kobold demonologist (Vaults:2)
  3 small abominations
  2 centaur skeletons
  18 komodo dragons
  A komodo dragon (shapeshifter) (Vaults:4)
  16 demonic crawlers
  46 yaktaurs
  A troll (shapeshifter) (Vaults:2)
  2 fire drakes
  5 tengu conjurers
  A harpy zombie (Crypt:2)
  14 freezing wraiths
  2 anaconda simulacra (IceCv)
  17 deep elf priests
  3 guardian mummies (Crypt:3)
  A tormentor (Zig:3)
  An entropy weaver zombie (Zig:3)
  A wolf spider simulacrum (IceCv)
  2 yaktaurs (shapeshifter)
  2 queen bees (shapeshifter)
  16 jumping spiders
  10 trolls
  A giant leech (Lair:8)
  13 merfolk
  8 boulder beetles
  2 bog bodies (Crypt:1)
  Prince Ribbit (D:7)
  A queen bee (Lair:7)
  A wind drake (shapeshifter) (Elf:2)
  23 blink frogs
  18 two-headed ogres
  3 wind drakes
  A two-headed ogre (shapeshifter) (Vaults:1)
  15 slime creatures
  A raiju (shapeshifter) (Vaults:4)
  2 harpy skeletons
  3 blue devils
  24 tarantellas
  9 flying skulls (Depths:3)
  5 snapping turtles
  18 humans (D:14)
  3 wyverns
  49 redbacks
  26 trapdoor spiders
  6 fire dragon skeletons
  Sigmund (D:2)
  3 shadows (Crypt:3)
  8 water elementals
  3 vampires
  2 humans (shapeshifter)
  A tarantella (shapeshifter) (Vaults:5)
  A wyvern (shapeshifter) (Vaults:1)
  19 wraiths
  3 basilisks
  48 deep elf magi
  A hog (D:14)
  A giant leech zombie (Crypt:1)
  A steam dragon (Lair:5)
  71 yaks
  50 deep elf fighters
  3 mottled dragons
  A chaos spawn (Orc:4)
  A naga (Zig:2)
  27 vampire mosquitoes
  12 hippogriffs
  4 fire bats (Elf:2)
  2 dire elephant simulacra (IceCv)
  A black mamba skeleton (Crypt:3)
  18 water moccasins
  Menkaure (D:7)
  A warg (shapeshifter) (Vaults:1)
  3 harpy simulacra (IceCv)
  A soldier ant (D:11)
  7 porcupines
  8 hungry ghosts
  15 wolves
  22 spiders
  4 wargs
  3 hydra simulacra (IceCv)
  2 black bears (shapeshifter)
  A black bear (D:8)
  6 ice beasts
  4 phantoms
  A snapping turtle zombie (Crypt:2)
  5 necrophages
  11 sky beasts
  5 ettin simulacra (IceCv)
  6 boggarts
  A slave (D:7)
  50 orc warriors
  17 centaurs
  38 ogres
  A centaur (shapeshifter) (Vaults:5)
  A wasp (D:12)
  2 hog zombies
  An alligator simulacrum (IceCv)
  A fire drake zombie (Crypt:2)
  A swamp dragon skeleton (Crypt:1)
  3 big kobolds
  4 brain worms (Spider:2)
  14 crocodiles
  39 giant frogs
  A fire drake skeleton (Crypt:2)
  A deep troll simulacrum (Vaults:4)
  2 wyvern zombies
  A scorpion (shapeshifter) (Vaults:5)
  5 scorpions
  A troll zombie (D:9)
  A polar bear zombie (Crypt:2)
  3 jellies
  An elephant simulacrum (IceCv)
  25 killer bees
  23 wights
  4 electric eels
  8 crimson imps
  2 giant frog zombies
  2 human simulacra
  44 orc priests
  A gnoll shaman (D:4)
  Crazy Yiuf (D:2)
  2 draconian simulacra (IceCv)
  4 human skeletons
  4 human zombies
  7 hounds
  12 iguanas
  4 giant frog skeletons
  2 spriggan simulacra (IceCv)
  10 worker ants
  32 orc wizards
  Natasha (thrice) (D:4)
  2 quasits
  A troll simulacrum (IceCv)
  2 killer bee zombies
  A wolf simulacrum (IceCv)
  A centaur simulacrum (IceCv)
  24 sheep
  3 hound zombies
  3 hound skeletons
  7 mummies
  A worker ant zombie (D:11)
  4 ogre simulacra (IceCv)
  9 adders
  14 gnolls
  51 river rats
  A naga simulacrum (IceCv)
  7 shadow imps
  17 white imps
  3 ufetubi
  3 oozes
  An adder zombie (D:8)
  A worm (D:3)
  5 giant geckos
  252 orcs
  3 giant cockroaches
  11 goblins
  8 hobgoblins
  15 jackals
  24 kobolds
  8 quokkas
  7 bats
  A giant cockroach zombie (D:6)
  A giant gecko skeleton (D:4)
  7 giant newts
  A hobgoblin skeleton (Crypt:2)
  2 kobold zombies (Crypt:1)
  A quokka skeleton (D:8)
  A quokka zombie (D:7)
  13 rats
  A bush (D:12)
  9 crawling corpses
  7 plants
2683 creatures vanquished.

Vanquished Creatures (collateral kills)
  Arachne (Spider:3)
  A quicksilver dragon (Vaults:5)
  2 deep elf master archers (Elf:3)
  A ghost moth (Spider:4)
  A reaper (Crypt:2)
  A deep elf annihilator (Elf:3)
  A deep elf death mage (Elf:3)
  A deep elf high priest (Elf:3)
  A merfolk avatar (Shoals:4)
  An alligator snapping turtle (Shoals:4)
  A satyr (Shoals:4)
  3 orc high priests (Orc:4)
  A deep elf summoner (Elf:3)
  A harpy (Vaults:5)
  A cyclops (Shoals:4)
  A manticore (Shoals:4)
  4 fauns (Shoals:4)
  A siren (Shoals:4)
  A spiny frog (Lair:1)
  A demonic crawler (Spider:3)
  A jumping spider (Spider:3)
  A hellwing (Orc:4)
  2 merfolk (Shoals:4)
  2 tarantellas (Spider:4)
  A blink frog (Lair:1)
  3 trapdoor spiders (Spider:4)
  A flying skull (Zig:6)
  A wraith (Vaults:3)
  A deep elf fighter (Elf:2)
  5 orc warriors
  A spiny frog skeleton (Crypt:2)
  An orc priest (Orc:4)
  2 orcs
48 creatures vanquished.

Vanquished Creatures (others)
  A fire giant (Vaults:5)
  A deep elf death mage (Vaults:5)
  A hydra (Lair:8)
  A moth of wrath (Zot:1)
  A faun (Shoals:4)
  A siren (Shoals:4)
  A merfolk (Shoals:4)
  2 yaktaurs (Vaults:5)
  7 deep elf fighters
  A deep elf mage (Vaults:2)
  A flying skull (Depths:3)
  2 humans (D:14)
  3 ogres (Vaults:5)
  An ice beast (D:7)
  3 giant frogs (Lair:8)
  A hound zombie (D:7)
  2 white imps (IceCv)
  An ufetubus (IceCv)
  A quokka (D:12)
  5 bushes
  A crawling corpse (Vaults:5)
  33 eldritch tentacle segments (Zig:6)
  37 fungi
  8 lost souls
  91 plants
  15 toadstools (Lair:6)
222 creatures vanquished.

Grand Total: 2953 creatures vanquished

Notes
Turn   | Place    | Note
--------------------------------------------------------------
     0 | D:1      | kroki the Kobold Berserker began the quest for the Orb.
     0 | D:1      | Reached XP level 1. HP: 14/14 MP: 1/1
   205 | D:1      | Reached XP level 2. HP: 14/19 MP: 2/2
   401 | D:1      | Reached skill level 5 in Short Blades
   676 | D:1      | Reached XP level 3. HP: 19/23 MP: 3/3
   840 | D:1      | HP: 4/23 [hobgoblin/mace (8)]
   843 | D:1      | Reached ** piety under Trog
  1138 | D:1      | Reached skill level 6 in Short Blades
  1234 | D:1      | Reached XP level 4. HP: 23/28 MP: 4/4
  1389 | D:2      | Found a radiant altar of Vehumet.
  1748 | D:2      | Reached skill level 7 in Short Blades
  1748 | D:2      | Reached XP level 5. HP: 22/32 MP: 5/5
  1867 | D:2      | HP: 8/32 [poisoned by an adder]
  1872 | D:2      | HP: 7/32 [poisoned by an adder]
  2142 | D:2      | Noticed Sigmund
  2154 | D:2      | Killed Sigmund
  2154 | D:2      | Reached skill level 9 in Short Blades
  2154 | D:2      | Reached XP level 6. HP: 37/37 MP: 6/6
  2441 | D:2      | Noticed Crazy Yiuf
  2456 | D:2      | Killed Crazy Yiuf
  2909 | D:3      | Found a faded altar to an unknown god.
  2949 | D:3      | Reached skill level 1 in Evocations
  3388 | D:3      | Reached *** piety under Trog
  3642 | D:4      | Found a white marble altar of Elyvilon.
  3646 | D:4      | Noticed an angel
  3657 | D:4      | Reached skill level 2 in Evocations
  3657 | D:4      | Reached XP level 7. HP: 41/41 MP: 6/8
  3762 | D:4      | Found a runed door.
  3967 | D:4      | Reached skill level 3 in Evocations
  4142 | D:4      | Noticed Natasha
  4154 | D:4      | Killed Natasha
  4154 | D:4      | Reached skill level 10 in Short Blades
  4224 | D:4      | Found a staircase to the Ecumenical Temple.
  4633 | D:4      | Noticed Natasha
  4633 | D:4      | Found a shattered altar of Ashenzari.
  4638 | D:4      | Killed Natasha
  4638 | D:4      | Reached skill level 4 in Evocations
  4959 | D:4      | Found Xemnuu Fopi's Jewellery Shop.
  4973 | D:4      | Reached XP level 8. HP: 46/46 MP: 11/11
  5164 | D:4      | Noticed Natasha
  5168 | D:4      | Killed Natasha
  5308 | D:5      | Entered Level 5 of the Dungeon
  5316 | D:5      | Reached **** piety under Trog
  5466 | D:5      | Found Fitef's Food Emporium.
  5672 | Temple   | Entered the Ecumenical Temple
  5899 | D:5      | Noticed Ohli's ghost (novice MiFi)
  5912 | D:5      | Killed Ohli's ghost
  5912 | D:5      | Reached skill level 2 in Armour
  5912 | D:5      | Reached skill level 3 in Dodging
  5912 | D:5      | Reached skill level 5 in Evocations
  6115 | D:5      | Found an iron altar of Okawaru.
  6118 | D:5      | Found an ancient bone altar of Kikubaaqudgha.
  6121 | D:5      | Found a deep blue altar of Sif Muna.
  6184 | D:5      | Reached skill level 4 in Fighting
  6451 | D:5      | Found a shadowy altar of Dithmenos.
  6491 | D:5      | Reached skill level 1 in Shields
  6491 | D:5      | Reached skill level 6 in Evocations
  6491 | D:5      | Reached XP level 9. HP: 52/52 MP: 13/13
  6770 | D:6      | Reached skill level 4 in Dodging
  6998 | D:6      | Reached skill level 11 in Short Blades
  7461 | D:6      | Reached skill level 2 in Shields
  7898 | D:7      | Noticed Menkaure
  7905 | D:7      | Killed Menkaure
  7905 | D:7      | Reached skill level 3 in Armour
  7978 | D:7      | Found a sacrificial altar of Ru.
  8199 | D:7      | Noticed Pikel
  8225 | D:7      | Killed Pikel
  8225 | D:7      | Reached skill level 7 in Evocations
  8269 | D:7      | Reached skill level 5 in Dodging
  8324 | D:7      | Reached skill level 3 in Shields
  8339 | D:7      | Got a smelly plate armour
  8533 | D:7      | Reached skill level 5 in Fighting
  8533 | D:7      | Reached XP level 10. HP: 57/59 MP: 15/15
  8800 | D:7      | Noticed Prince Ribbit
  8806 | D:7      | Killed Prince Ribbit
  8806 | D:7      | Reached skill level 2 in Stealth
  8827 | D:7      | Found a sparkling altar of Nemelex Xobeh.
  8829 | D:7      | Found a shimmering altar of Xom.
  8832 | D:7      | Found a snail-covered altar of Cheibriados.
  9146 | D:8      | Got a warped chain mail
  9207 | D:8      | Received a gift from Trog
  9221 | D:8      | Identified the +0 plate armour of Dishonour {rElec rC- MP+9} (You found it on level 7 of the Dungeon)
  9231 | D:8      | Identified the +13 chain mail "Qoah" {rElec} (You found it on level 8 of the Dungeon)
  9301 | D:8      | Found a staircase to the Lair.
  9319 | D:8      | Reached skill level 3 in Stealth
  9325 | D:8      | Reached skill level 4 in Shields
  9569 | D:8      | Noticed Maurice
  9572 | D:8      | Killed Maurice
  9572 | D:8      | Reached ***** piety under Trog
  9572 | D:8      | Reached skill level 4 in Armour
  9572 | D:8      | Reached skill level 4 in Stealth
  9693 | D:8      | Reached skill level 6 in Dodging
  9740 | D:8      | Reached skill level 5 in Stealth
  9812 | D:8      | Found a sparkling altar of Nemelex Xobeh.
 10435 | D:9      | Reached skill level 6 in Fighting
 10435 | D:9      | Reached skill level 5 in Shields
 10511 | D:9      | Reached XP level 11. HP: 57/64 MP: 16/16
 10649 | D:9      | Reached skill level 12 in Short Blades
 10939 | D:9      | Reached skill level 6 in Stealth
 11304 | D:9      | Noticed Gastronok
 11323 | D:9      | Killed Gastronok
 11323 | D:9      | Reached skill level 7 in Dodging
 11323 | D:9      | Reached skill level 7 in Stealth
 11557 | D:9      | Reached skill level 8 in Stealth
 11645 | D:9      | Reached skill level 5 in Armour
 12197 | D:9      | Reached skill level 7 in Fighting
 12412 | D:9      | Found a basalt altar of Yredelemnul.
 12505 | D:9      | Reached skill level 9 in Stealth
 12820 | D:10     | Entered Level 10 of the Dungeon
 13112 | D:10     | Received a gift from Trog
 13732 | D:10     | Noticed a hill giant
 13746 | D:10     | Killed a hill giant
 13746 | D:10     | Reached skill level 8 in Dodging
 13897 | D:10     | Reached skill level 10 in Stealth
 13897 | D:10     | Reached XP level 12. HP: 56/72 MP: 17/17
 14254 | D:10     | Noticed a hill giant
 14261 | D:10     | Killed a hill giant
 14512 | D:8      | You fall through a shaft for 2 floors!
 14586 | Lair:1   | Entered Level 1 of the Lair of Beasts
 14599 | Lair:1   | Reached skill level 8 in Evocations
 14612 | Lair:1   | Noticed Erica
 14620 | Lair:1   | Killed Erica
 15090 | Lair:1   | Noticed a five-headed hydra
 15099 | Lair:1   | Reached skill level 9 in Dodging
 15107 | Lair:1   | Killed a five-headed hydra
 15107 | Lair:1   | Reached skill level 11 in Stealth
 15493 | Lair:1   | Reached skill level 8 in Fighting
 15542 | Lair:1   | Noticed a four-headed hydra
 15561 | Lair:1   | Killed a four-headed hydra
 16400 | Lair:1   | Reached skill level 6 in Armour
 16561 | Lair:2   | Reached skill level 10 in Dodging
 16572 | Lair:2   | Reached skill level 12 in Stealth
 16657 | Lair:2   | Reached skill level 9 in Evocations
 16657 | Lair:2   | Reached XP level 13. HP: 71/79 MP: 19/19
 17162 | Lair:2   | Noticed pk666's ghost (journeyman MiBe)
 17181 | Lair:2   | HP: 19/80 [pk666's ghost (16)]
 17182 | Lair:2   | Killed pk666's ghost
 17405 | Lair:2   | Reached skill level 13 in Stealth
 17407 | Lair:2   | Reached skill level 9 in Fighting
 17407 | Lair:2   | Reached skill level 11 in Dodging
 17646 | Lair:2   | Noticed a four-headed hydra
 17652 | Lair:2   | Killed a four-headed hydra
 18444 | Lair:3   | Got a pair of slimy gloves
 18561 | Lair:3   | Reached ****** piety under Trog
 18705 | Lair:3   | Found a staircase to the Shoals.
 18938 | Lair:3   | Reached skill level 10 in Evocations
 19077 | Lair:3   | Reached skill level 7 in Armour
 19096 | Lair:3   | Received a gift from Trog
 19104 | Lair:3   | Identified the +1 pair of gloves "Sumom" {Str+5 SInv} (You found it on level 3 of the Lair of Beasts)
 19680 | Lair:4   | Noticed Maud
 19690 | Lair:4   | Killed Maud
 19690 | Lair:4   | Reached skill level 14 in Stealth
 19755 | Lair:4   | Reached skill level 12 in Dodging
 19755 | Lair:4   | Reached XP level 14. HP: 86/86 MP: 19/21
 21402 | Lair:5   | Found a hole to the Spider Nest.
 22154 | Lair:6   | Reached skill level 10 in Fighting
 22339 | Lair:6   | Received a gift from Trog
 22418 | Lair:6   | Noticed Nessos
 22454 | Lair:6   | Killed Nessos
 22478 | Lair:6   | Reached skill level 15 in Stealth
 23883 | Lair:7   | Reached skill level 13 in Dodging
 24173 | Lair:7   | Received a gift from Trog
 24179 | Lair:7   | Got a faintly glowing short sword {god gift}
 24180 | Lair:7   | Identified the +1 short sword "Liyrph" {freeze, Dex+4} (Trog gifted it to you on level 7 of the Lair of Beasts)
 24488 | Lair:7   | Found a staircase to the Slime Pits.
 24580 | Lair:7   | Reached skill level 11 in Evocations
 24680 | Lair:7   | Noticed Snorg
 24686 | Lair:7   | Killed Snorg
 24869 | Lair:7   | Reached skill level 8 in Armour
 24869 | Lair:7   | Reached XP level 15. HP: 88/93 MP: 23/23
 25292 | Lair:7   | Reached skill level 11 in Fighting
 25865 | Lair:8   | Entered Level 8 of the Lair of Beasts
 26266 | Lair:8   | Received a gift from Trog
 26441 | Lair:8   | Reached skill level 14 in Dodging
 26700 | Lair:8   | Reached skill level 16 in Stealth
 28669 | Lair:6   | Received a gift from Trog
 28675 | Lair:6   | Got a bone short sword {god gift}
 28676 | Lair:6   | Identified the +9 short sword of Disaster {elec, rF+ Dex+3 Stlth+} (Trog gifted it to you on level 6 of the Lair of Beasts)
 28992 | D:11     | Reached skill level 9 in Armour
 29209 | D:11     | Noticed Nergalle
 29225 | D:11     | Killed Nergalle
 29393 | D:11     | Found Jela's General Store.
 29456 | D:11     | Reached XP level 16. HP: 101/101 MP: 24/24
 29532 | D:11     | Reached skill level 12 in Fighting
 29625 | D:11     | Reached skill level 12 in Evocations
 30130 | D:12     | Found Kuan's Food Shop.
 30473 | D:12     | Found a staircase to the Orcish Mines.
 30639 | D:12     | Noticed Urug
 30650 | D:12     | Killed Urug
 30653 | D:12     | Received a gift from Trog
 30794 | D:12     | Identified a +7 rod of clouds (9/9) (You found it on level 12 of the Dungeon)
 30975 | Orc:1    | Entered Level 1 of the Orcish Mines
 31125 | Orc:1    | Found Xyoruf's Assorted Antiques.
 31199 | Orc:1    | Reached skill level 15 in Dodging
 31381 | Orc:1    | Found a roughly hewn altar of Beogh.
 31551 | Orc:1    | Received a gift from Trog
 32163 | D:4      | Bought a +6 ring of slaying for 1725 gold pieces
 33216 | Orc:2    | Found a roughly hewn altar of Beogh.
 33499 | Orc:2    | Found Guadd's Food Boutique.
 33621 | Orc:2    | Received a gift from Trog
 33837 | Orc:3    | Found Sikhoo's Magic Scroll Shoppe.
 33899 | Orc:3    | Noticed Rupert
 33907 | Orc:3    | Killed Rupert
 33918 | Orc:3    | Found a flagged portal.
 33926 | Bailey   | Entered a bailey
 34650 | Orc:3    | Noticed Harold
 34658 | Orc:3    | Killed Harold
 34757 | Orc:3    | Received a gift from Trog
 35238 | Orc:4    | Entered Level 4 of the Orcish Mines
 35665 | Orc:4    | Found Lotack's Armour Shop.
 35685 | Orc:4    | Found a staircase to the Elven Halls.
 35884 | Orc:1    | Bought the +3 pair of gauntlets of War {Slay+5} for 1092 gold pieces
 35884 | Orc:1    | Bought 2 smoky ruby potions for 41 gold pieces
 36015 | Orc:4    | Received a gift from Trog
 36021 | Orc:4    | Found Ziakky Fareu's Magic Scroll Shop.
 36029 | Orc:4    | Found Liowiram's Magic Scroll Boutique.
 36438 | Orc:4    | Reached skill level 17 in Stealth
 36454 | Orc:4    | Reached skill level 10 in Armour
 36455 | Orc:4    | Reached skill level 13 in Fighting
 36484 | Orc:4    | Received a gift from Trog
 36497 | Orc:4    | Found Ekhlory's Antique Weapon Emporium.
 36497 | Orc:4    | Found Canoekus's Gadget Shoppe.
 36498 | Orc:4    | Found a one-way gate leading to the halls of Pandemonium.
 37127 | D:13     | Reached XP level 17. HP: 61/109 MP: 26/26
 37863 | D:13     | Found a sparkling altar of Nemelex Xobeh.
 38303 | D:14     | Noticed Kirke
 38317 | D:14     | Killed Kirke
 38317 | D:14     | Received a gift from Trog
 38632 | D:14     | Received a gift from Trog
 38701 | D:14     | Reached skill level 16 in Dodging
 38744 | D:14     | Found a gate to the Vaults.
 38949 | D:14     | Found a stormy altar of Qazlal.
 39322 | D:14     | Noticed Sonja
 39324 | D:14     | Killed Sonja
 39725 | D:15     | Entered Level 15 of the Dungeon
 39831 | D:15     | Reached skill level 13 in Evocations
 39917 | D:15     | Found a staircase to the Depths.
 39967 | D:15     | Reached skill level 14 in Fighting
 40128 | D:15     | Received a gift from Trog
 40665 | D:15     | Noticed Josephine
 40684 | D:15     | Killed Josephine
 41443 | Elf:1    | Entered Level 1 of the Elven Halls
 41494 | Elf:1    | Noticed an Executioner
 42201 | Spider:1 | Entered Level 1 of the Spider Nest
 42532 | Spider:1 | Received a gift from Trog
 42867 | Spider:1 | Reached skill level 11 in Armour
 43265 | Spider:1 | Reached XP level 18. HP: 106/117 MP: 27/27
 44479 | Spider:2 | Received a gift from Trog
 44639 | Spider:2 | Got an encrusted short sword {god gift}
 44640 | Spider:2 | Identified the +10 short sword "Kuykhyso" {pierce, *Drain +Inv rPois Dex+3} (Trog gifted it to you on level 2 of the Spider Nest)
 44941 | Spider:2 | Reached skill level 17 in Dodging
 45570 | Spider:3 | Noticed Arachne
 45601 | Spider:3 | Killed Arachne
 45661 | Spider:3 | Noticed Nikola
 45692 | Spider:3 | Killed Nikola
 46041 | Spider:3 | Noticed Roxanne
 46070 | Spider:3 | Killed Roxanne
 46070 | Spider:3 | Reached skill level 15 in Fighting
 46228 | Spider:3 | Got a jewelled chain mail
 46239 | Spider:3 | Identified the +5 chain mail of the Gloaming {Dex+4 Stlth+} (You found it on level 3 of the Spider Nest)
 46502 | Spider:3 | Reached skill level 18 in Stealth
 46692 | Spider:4 | Entered Level 4 of the Spider Nest
 46866 | Spider:4 | Received a gift from Trog
 47207 | Spider:4 | Reached skill level 14 in Evocations
 47775 | Spider:4 | Reached XP level 19. HP: 63/124 MP: 27/29
 47832 | Spider:4 | Received a gift from Trog
 48150 | Spider:4 | Reached skill level 12 in Armour
 48483 | Spider:4 | Got a gossamer rune of Zot
 48746 | Shoals:1 | Entered Level 1 of the Shoals
 48794 | Shoals:1 | Received a gift from Trog
 48841 | Shoals:1 | Found a frozen archway.
 48860 | IceCv    | Entered an ice cave
 49137 | IceCv    | Reached skill level 18 in Dodging
 49920 | IceCv    | HP: 26/125 [ice devil/exploding inner flame[the player character] (41)]
 50161 | IceCv    | Got a heavily runed platinum ring
 50162 | IceCv    | Identified the ring "Keh Voat" {rC+ Stlth+} (You found it in an ice cave)
 50476 | Shoals:1 | Reached skill level 16 in Fighting
 50655 | Shoals:1 | Received a gift from Trog
 51985 | Shoals:3 | Noticed Mara
 52245 | Shoals:4 | Entered Level 4 of the Shoals
 52362 | Shoals:4 | Reached XP level 20. HP: 63/132 MP: 31/31
 52601 | Shoals:4 | Received a gift from Trog
 52603 | Shoals:4 | Noticed Ilsuiw
 52768 | Shoals:4 | HP: 30/132 [drowned by a water elemental (5)]
 52772 | Shoals:4 | HP: 11/132 [drowned by a water elemental (10)]
 52777 | Shoals:4 | HP: 28/132 [drowned by a water elemental (4)]
 52784 | Shoals:4 | Noticed Polyphemus
 52835 | Shoals:4 | Killed Ilsuiw
 52835 | Shoals:4 | Received a gift from Trog
 52842 | Shoals:4 | Killed Polyphemus
 52863 | Shoals:4 | Reached skill level 19 in Stealth
 52879 | Shoals:4 | Reached skill level 15 in Evocations
 52894 | Shoals:4 | Reached skill level 13 in Armour
 52957 | Shoals:4 | Reached skill level 19 in Dodging
 52966 | Shoals:4 | Got a distressingly furry ring mail
 53013 | Shoals:4 | Got a distressingly furry scale mail
 53034 | Shoals:4 | Identified the +3 scale mail of Torofu {rPois Str+4 Int+3} (You found it on level 4 of the Shoals)
 53102 | Shoals:4 | Found Wona's Distillery.
 53121 | Shoals:4 | Bought a potion of haste for 220 gold pieces
 53121 | Shoals:4 | Bought a potion of curing for 66 gold pieces
 53121 | Shoals:4 | Bought a potion of haste for 220 gold pieces
 53121 | Shoals:4 | Bought a potion of brilliance for 88 gold pieces
 53160 | Shoals:4 | Got a barnacled rune of Zot
 53404 | Shoals:4 | Identified the cursed +1 ring mail "Horph" {rF+ Str+6 Stlth-} (You took it off a merfolk impaler on level 4 of the Shoals)
 54056 | Elf:1    | Reached skill level 17 in Fighting
 54370 | Elf:1    | Received a gift from Trog
 55799 | Elf:2    | Received a gift from Trog
 55910 | Elf:2    | Reached XP level 21. HP: 140/140 MP: 32/32
 56142 | Elf:2    | Found Pemip's Weapon Shoppe.
 56350 | Elf:2    | Found a runed gate.
 56354 | Elf:2    | Found a runed gate.
 56354 | Elf:2    | Found a runed gate.
 56362 | Elf:2    | Received a gift from Trog
 56503 | Elf:2    | Found Efiriuv's Elven Fire.
 57348 | Elf:3    | Entered Level 3 of the Elven Halls
 57361 | Elf:3    | Noticed Jorgrun
 57365 | Elf:3    | Killed Jorgrun
 57617 | Elf:3    | Received a gift from Trog
 57626 | Elf:3    | Found Etetafru's Armour Shoppe.
 58021 | Elf:3    | Reached skill level 18 in Fighting
 58021 | Elf:3    | Reached skill level 20 in Dodging
 58338 | Elf:3    | Reached skill level 14 in Armour
 58481 | Elf:3    | Received a gift from Trog
 58606 | Elf:3    | Got a jewelled leather armour
 58660 | Elf:3    | Reached skill level 16 in Evocations
 58732 | Elf:3    | Reached XP level 22. HP: 133/148 MP: 34/34
 58774 | Elf:3    | Gained mutation: You are resistant to electric shocks. [potion of mutation]
 58774 | Elf:3    | Gained mutation: You expend magic power (3 MP) to strengthen your wands. [potion of mutation]
 58774 | Elf:3    | Gained mutation: You passively map a small area around you. [potion of mutation]
 58775 | Elf:3    | Gained mutation: You are dopey. (Int -2) [potion of mutation]
 58775 | Elf:3    | Gained mutation: You have sharp fingernails. [potion of mutation]
 58775 | Elf:3    | Gained mutation: You evolve. [potion of mutation]
 58776 | Elf:3    | Gained mutation: You are clumsy. (Dex -2) [potion of mutation]
 58776 | Elf:3    | Gained mutation: You have supernaturally acute eyesight. [potion of mutation]
 58777 | Elf:3    | Gained mutation: You have a pair of small horns on your head. [potion of beneficial mutation]
 58829 | Elf:3    | Noticed Donald
 58867 | Elf:3    | Killed Donald
 59790 | Vaults:1 | Entered Level 1 of the Vaults
 60019 | Vaults:1 | Received a gift from Trog
 60244 | Vaults:1 | Gained mutation: Your spells are a little harder to cast, but a little more powerful. [evolution]
 60567 | Vaults:1 | Reached skill level 20 in Stealth
 60573 | Vaults:1 | HP: 29/148 [vault warden/silver bolt (17)]
 61681 | Vaults:2 | Found a portal to a secret trove of treasure.
 62044 | Vaults:2 | Received a gift from Trog
 62058 | Vaults:2 | Reached skill level 21 in Dodging
 62298 | Vaults:2 | Reached skill level 19 in Fighting
 62379 | Vaults:2 | Reached skill level 21 in Stealth
 62611 | Vaults:2 | Reached XP level 23. HP: 155/155 MP: 35/35
 63178 | Vaults:2 | Received a gift from Trog
 63363 | Vaults:3 | Noticed Frederick
 63370 | Vaults:3 | Killed Frederick
 63382 | Vaults:3 | Found Guvvof's Armour Boutique.
 63410 | Vaults:3 | Bought a +2 fire dragon armour for 936 gold pieces
 63654 | Vaults:3 | Noticed B1inky's ghost (adept OpMo)
 63658 | Vaults:3 | Reached skill level 15 in Armour
 63681 | Vaults:3 | Killed B1inky's ghost
 63716 | Vaults:3 | HP: 38/155 [poisoned by B1inky's ghost (toxic radiance)]
 63721 | Vaults:3 | HP: 38/155 [poisoned by B1inky's ghost (toxic radiance)]
 64325 | Vaults:3 | Found a staircase to the Crypt.
 64924 | Crypt:1  | Entered Level 1 of the Crypt
 64948 | Crypt:1  | Reached skill level 22 in Stealth
 65075 | Crypt:1  | Noticed Mennas
 65080 | Crypt:1  | Killed Mennas
 65423 | Crypt:1  | Lost mutation: You have sharp fingernails. [helix card]
 65465 | Crypt:1  | Lost mutation: You are dopey. (Int -2) [helix card]
 65465 | Crypt:1  | Gained mutation: You are very clumsy. (Dex -4) [helix card]
 66388 | Crypt:2  | Noticed Jory
 66398 | Crypt:2  | Killed Jory
 66398 | Crypt:2  | Reached XP level 24. HP: 123/162 MP: 35/35
 66669 | Crypt:2  | Reached skill level 23 in Stealth
 66831 | Crypt:2  | Reached skill level 17 in Evocations
 67336 | Crypt:2  | Reached skill level 20 in Fighting
 67615 | Crypt:3  | Entered Level 3 of the Crypt
 67781 | Crypt:3  | HP: 36/163 [flayed ghost/flay_damage (19)]
 68601 | Crypt:3  | Reached skill level 22 in Dodging
 68702 | Crypt:3  | Got a bound pewter ring
 68703 | Crypt:3  | Identified the ring "Seucw" {rN+ MP+9} (You found it on level 3 of the Crypt)
 68705 | Crypt:3  | Got a heavily runed copper ring
 68927 | Crypt:3  | Identified the ring of Buwkaw {+Fly rN+ Int+9} (You found it on level 3 of the Crypt)
 69360 | Crypt:3  | Reached skill level 24 in Stealth
 69460 | Crypt:3  | Found an ancient bone altar of Kikubaaqudgha.
 69491 | Crypt:3  | Noticed an ancient lich
 69512 | Crypt:3  | Killed an ancient lich
 69535 | Crypt:3  | Noticed an ancient lich
 69579 | Crypt:3  | Killed an ancient lich
 69624 | Crypt:3  | Noticed an ancient lich
 69776 | Crypt:3  | Killed an ancient lich
 70069 | Crypt:3  | Found a staircase to the Tomb.
 70069 | Crypt:3  | Noticed an ancient lich
 70078 | Crypt:3  | Paralysed by an ancient lich for 4 turns
 70106 | Crypt:3  | Killed an ancient lich
 70106 | Crypt:3  | Reached skill level 16 in Armour
 70405 | Crypt:3  | Reached XP level 25. HP: 168/168 MP: 35/35
 70991 | Vaults:3 | Received a gift from Trog
 71580 | Vaults:4 | Found Byavvux's Gadget Emporium.
 72070 | Vaults:4 | Gained mutation: You have large cloven feet. [evolution]
 72070 | Vaults:4 | Lost mutation: You evolve. [end of evolution]
 72460 | Vaults:5 | Entered Level 5 of the Vaults
 72514 | Vaults:5 | Received a gift from Trog
 72702 | Vaults:5 | Received a gift from Trog
 72825 | Vaults:5 | Noticed an ancient lich
 72839 | Vaults:5 | Killed an ancient lich
 72839 | Vaults:5 | Reached skill level 23 in Dodging
 72856 | Vaults:5 | Reached skill level 21 in Fighting
 72933 | Vaults:5 | Reached skill level 18 in Evocations
 72979 | Vaults:5 | Got a faintly glowing scimitar {antimagic}
 72980 | Vaults:5 | Identified the +7 scimitar "Trog's Fury" {antimagic, rF- Dex+6 SInv} (You took it off a tengu reaver on level 5 of the Vaults)
 73011 | Vaults:5 | Got a spiked ring mail
 73023 | Vaults:5 | Identified the +5 ring mail of Ogesk {Str+2} (You found it on level 5 of the Vaults)
 73340 | Vaults:5 | Reached XP level 26. HP: 155/176 MP: 36/36
 73426 | Vaults:5 | Received a gift from Trog
 73574 | Vaults:5 | Reached skill level 17 in Armour
 74686 | Vaults:5 | Received a gift from Trog
 74816 | Vaults:5 | Reached skill level 24 in Dodging
 74917 | Vaults:5 | Reached skill level 22 in Fighting
 75082 | Vaults:5 | Got a silver rune of Zot
 75350 | Vaults:5 | Identified 3 scrolls of acquirement
 75691 | Depths:1 | Entered Level 1 of the Depths
 75759 | Depths:1 | Reached XP level 27. HP: 176/184 MP: 36/36
 76157 | Depths:2 | Reached skill level 19 in Evocations
 76213 | Depths:2 | Found Gozag's Assorted Antiques.
 76217 | Depths:2 | Found Gozag's Antique Armour Shoppe.
 76217 | Depths:2 | Found an opulent altar of Gozag.
 76223 | Depths:2 | Paralysed by a great orb of eyes for 2 turns
 76298 | Depths:2 | Found Gozag's Antique Armour Emporium.
 76437 | Depths:2 | Bought a polished buckler for 950 gold pieces
 76447 | Depths:2 | Identified the +0 buckler "Raxig" {MP+9} (You bought it in a shop on level 2 of the Depths)
 77052 | Depths:2 | Paralysed by a lich for 7 turns
 77199 | Depths:3 | Received a gift from Trog
 77203 | Depths:3 | Reached skill level 18 in Armour
 77482 | Depths:5 | Entered Level 5 of the Depths
 77575 | Depths:5 | Found a gateway to a ziggurat.
 77583 | Depths:5 | Found Xowadd's Distillery.
 77666 | Zig:1    | Entered Level 1 of a ziggurat
 77707 | Zig:1    | Got a polished cloak
 77708 | Zig:1    | Identified the +0 cloak of Aphoigoawk {rC+} (You found it on level 1 of a ziggurat)
 77712 | Zig:2    | Entered Level 2 of a ziggurat
 77754 | Zig:3    | Entered Level 3 of a ziggurat
 77801 | Zig:4    | Entered Level 4 of a ziggurat
 77850 | Zig:4    | Got a glittering ivory ring
 77851 | Zig:4    | Identified the ring of Qaeli {+Fly rElec MP+9 Str+2} (You found it on level 4 of a ziggurat)
 77933 | Zig:5    | Entered Level 5 of a ziggurat
 77957 | Zig:5    | Reached skill level 25 in Dodging
 78048 | Zig:6    | Entered Level 6 of a ziggurat
 78322 | Depths:5 | Received a gift from Trog
 78545 | Depths:5 | Reached skill level 23 in Fighting
 78760 | Depths:5 | Found a gate to the Realm of Zot.
 78840 | Zot:1    | Entered Level 1 of the Realm of Zot
 79234 | Zot:1    | Noticed an orb of fire
 79254 | Zot:1    | Killed an orb of fire
 79279 | Zot:1    | HP: 30/188 [green draconian monk (28)]
 79279 | Zot:1    | HP: 9/188 [green draconian monk (21)]
 79281 | Zot:1    | Mangled by a green draconian monk

Vault maps used:
D:1:      lemuel_arrival_river_bridge
D:2:      wad_pebble_path, fiery_altar_vehumet, first_bread,
          uniq_crazy_yiuf_cottage, uniq_sigmund
D:3:      kennysheep_big_flooded_room, ecumenical_altar_2,
          lightli_corner_chamber
D:4:      ashenzari_conservatory_becter, minmay_temple_entry_overgrown,
          serial_shops, nicolae_shop_behind_doors, kennysheep_crisscross,
          minmay_crystal_water, serial_bayou_ford_a, lemuel_angel_altar,
          uniq_natasha
D:5:      grunt_temple_overflow_diamond, grunt_dithmenos_shadows, serial_shops,
          shop
D:6:      columned_hall_lemuel, minivault_24
D:7:      minitemple, overflow_temple_1_default, uniq_menkaure,
          uniq_prince_ribbit1, uniq_pikel
D:8:      dpeg_lair_monsters, grunt_ogre_cave, nemelex_deck, uniq_maurice
D:9:      lemuel_mausoleum_altar_yredelemnul, minmay_strange_pillars,
          uniq_gastronok
D:10:     grunt_decor_mini_mirrors
D:11:     serial_shops, kennysheep_little_box, solitary_fountain,
          elves_outpost_lemuel, uniq_nergalle
D:12:     orc_0_dummy, serial_shops, shop, minmay_dual_archer_statues, uniq_urug
D:13:     basic_altar, hangedman_abyss_or_decor_stabs
D:14:     grunt_vaults_entry_tiered, minmay_misc_feat_ornament,
          nicolae_qazlal_eye_of_the_storm, uniq_kirke, uniq_sonja
D:15:     hangedman_depths_entry_civil_slaughter, corexii_checkpoint_a,
          uniq_josephine
Temple:   corrupted_temple
Lair:1:   wad_woods_structure_01, uniq_erica
Lair:2:   beast_lair_carwin_10, infiniplex_staircase_pool_2, grunt_megastairs_3
Lair:3:   minmay_shoals_entry_centaurs
Lair:4:   uniq_maud
Lair:5:   spider_nest_entry_web_field, beast_lair_carwin_6
Lair:6:   gammafunk_lair_enchanted_lake, uniq_nessos
Lair:7:   dpeg_oklob_gauntlet, slime_dummy, special_room, beast_lair_carwin_9,
          uniq_snorg
Lair:8:   minmay_lair_end_frog_pond, lemuel_old_faithful
Shoals:1: portal_ice_cave_entry_imps
Shoals:3: overgrown_tower, uniq_mara
Shoals:4: serial_shops, nicolae_shop_competitors_out_of_business,
          shoals_end_grunt_garden, shoals_ilsuiw_ice,
          nicolae_shoals_stone_sculpture_thing, uniq_polyphemus
Spider:2: hangedman_stitches_earthworm
Spider:3: hangedman_spider_mandibles, spider_trap, uniq_nikola, uniq_arachne,
          uniq_roxanne
Spider:4: grunt_spider_rune_parallel
Orc:1:    minmay_goldmine, basic_altar, serial_shops, shop
Orc:2:    special_room, serial_shops, nicolae_shop_competitors_out_of_business
Orc:3:    serial_shops, shop_statue, enter_bailey_3, nicolae_orc_pool_cavern,
          uniq_rupert, uniq_harold
Orc:4:    pf_orc_diabolical, serial_shops, shop, guppyfry_library_mini
Elf:1:    kennysheep_six_static_rooms, minmay_elf_demonology, minivault_16,
          corexii_hall_statues_s, lemuel_flame_loot_1
Elf:2:    serial_shops, nicolae_shop_competitors_out_of_business,
          minmay_misc_feat_five, guppyfry_elf_lava, lemuel_elevator
Elf:3:    elf_hall, serial_shops, shop, nicolae_elf_m_pinch, patterned_corridor,
          uniq_donald, uniq_jorgrun
Vaults:1: vaults_standard_mumra_x, ontoclasm_vaults_bender, grunt_vaults_swirl,
          v_alt_pattern_5, hangedman_vaults_stagger, hangedman_vaults_unwind,
          nicolae_vaults_little_squares_3, st_cross, vaults_room_boxed,
          nicolae_vaults_little_squares_2, nicolae_vaults_angled_halls
Vaults:2: vaults_room_stairs_pillars, nicolae_vaults_puzzle_piece, st_eye,
          ontoclasm_vaults_ring_small, hangedman_vaults_nails,
          hangedman_vaults_river_flow, ontoclasm_vaults_hangar,
          grunt_vaults_twisty, hangedman_vaults_nodes,
          vaults_standard_mumra_enter_the_diamond, ontoclasm_vaults_shuriken,
          vaults_dpeg_spiral, grunt_vaults_diagonal, v_misc_17,
          ontoclasm_vaults_gateway, enter_trove_0
Vaults:3: minmay_crypt_entry_simple_walls, v_misc_33, nicolae_vaults_alarming,
          v_rooms_4, v_misc_3, vaults_room_semicircle, nicolae_vaults_rhombus_6,
          v_misc_4, vaults_mumra_hexcomb, serial_shops,
          nicolae_shop_competitors_out_of_business, uniq_frederick
Vaults:4: v_alt_pattern_6, v_misc_5, hangedman_vaults_snaps,
          hangedman_vaults_stream, ontoclasm_vaults_misaligned, v_misc_29,
          hangedman_vaults_cutoff, vaults_room_grid, vaults_room_grid,
          vaults_dpeg_ring, ontoclasm_vaults_decontamination,
          nicolae_vaults_little_squares_3, serial_shops, nicolae_shop_waterfront
Crypt:1:  grunt_ministairs_7, lemuel_nasty_fountain, uniq_mennas
Crypt:2:  uniq_jory
Crypt:3:  quadcrypt_mu
Depths:1: kennysheep_boxes, rand_demon_pan_entry_1, hell_entry,
          kennysheep_cross_room, feat_on_display
Depths:2: kennysheep_gozag_temple, minmay_holes, grunt_hell_horde, pan_entry,
          serial_bayou_shore_b, basic_stair_grate_trap
Depths:3: lightli_tower_of_babel, hell_entry, rand_demon_pan_entry_4,
          lemuel_round_altar, kennysheep_generic_room_11,
          infiniplex_staircase_squiggle
Depths:4: wad_cavern_with_rooms, abyss_entry, hangedman_decor_riveting,
          hell_entry, eino_curves_02, minmay_staircase_statues_hall_small,
          grunt_megastairs_2
Depths:5: evilmike_zot_entry_hall, enter_ziggurat_d, serial_shops, shop,
          minmay_crystal_room, pan_entry, hangedman_geh_valley,
          minmay_misc_feat_doors, roderic_cross_of_infinity,
          evilmike_spriggan_trog_shrine
Zot:1:    grunt_zot_stairs_mandelzot
Bailey:   bailey_polearm_5, bailey
IceCv:    ice_cave_caverns_03

Action                   |  1- 3 |  4- 6 |  7- 9 | 10-12 | 13-15 | 16-18 | 19-21 | 22-24 | 25-27 || total
-------------------------+-------+-------+-------+-------+-------+-------+-------+-------+-------++-------
Melee: Short sword       |    97 |   176 |   339 |  1216 |   506 |   663 |     3 |       |       ||  3000
       Rapier            |       |       |   100 |       |       |       |       |       |       ||   100
       Dagger            |       |       |    64 |   384 |   280 |       |       |       |       ||   728
       Quick blade       |       |       |       |       |  2083 |  1509 |  1900 |  2087 |  2247 ||  9826
       Scimitar          |       |       |       |       |       |       |       |       |    11 ||    11
Throw: Throwing net      |       |       |     1 |       |       |       |       |       |     3 ||     4
Invok: Berserk           |     2 |     5 |     8 |     5 |       |     2 |     1 |     5 |     3 ||    31
       Trog's Hand       |     1 |     1 |       |       |     6 |    11 |    14 |     7 |    17 ||    57
       Brothers in Arms  |       |       |       |     2 |       |     3 |     7 |     4 |     2 ||    18
       Burn Spellbooks   |       |       |       |       |     2 |     4 |     7 |     7 |     7 ||    27
 Abil: Evoke Invisibilit |       |     1 |     6 |    14 |    27 |    12 |     7 |     8 |     5 ||    80
       Turn Visible      |       |       |     1 |     5 |    20 |     1 |     1 |     1 |       ||    29
Evoke: Wand              |       |       |       |       |     1 |     6 |     4 |       |     5 ||    16
       Rod               |       |       |       |       |       |    20 |    16 |    24 |    25 ||    85
       Phantom mirror    |       |       |       |       |       |       |     1 |       |       ||     1
       Box of beasts     |       |       |       |       |       |       |     6 |       |     2 ||     8
       Deck              |       |       |       |       |       |       |       |     5 |       ||     5
       Lamp of fire      |       |       |       |       |       |       |       |       |     2 ||     2
  Use: Scroll            |       |     6 |    11 |     6 |    14 |    12 |    12 |    18 |    13 ||    92
       Potion            |       |       |       |       |     1 |       |    10 |     6 |     9 ||    26
 Stab: Invisible         |       |     2 |    14 |    33 |    96 |    48 |    24 |    15 |    15 ||   247
       Held in net/web   |       |       |     1 |       |       |       |     1 |       |     1 ||     3
       Sleeping          |       |       |       |     3 |    19 |    21 |    15 |    29 |     7 ||    94
       Distracted        |       |       |       |       |       |     8 |     6 |     8 |    10 ||    32
       Petrified         |       |       |       |       |       |       |     2 |       |       ||     2
  Eat: Chunk             |     7 |    17 |    23 |    50 |    48 |    70 |    35 |    28 |    39 ||   317
       Royal jelly       |       |       |       |       |       |     4 |     7 |     1 |     1 ||    13
       Pizza             |       |       |       |       |       |     1 |     1 |     1 |       ||     3
       Meat ration       |       |       |       |       |       |       |     2 |     4 |     1 ||     7
       Beef jerky        |       |       |       |       |       |       |     1 |     1 |     2 ||     4

Vault maps used:
D:1:      lemuel_arrival_river_bridge
D:2:      wad_pebble_path, fiery_altar_vehumet, first_bread,
          uniq_crazy_yiuf_cottage, uniq_sigmund
D:3:      kennysheep_big_flooded_room, ecumenical_altar_2,
          lightli_corner_chamber
D:4:      ashenzari_conservatory_becter, minmay_temple_entry_overgrown,
          serial_shops, nicolae_shop_behind_doors, kennysheep_crisscross,
          minmay_crystal_water, serial_bayou_ford_a, lemuel_angel_altar,
          uniq_natasha
D:5:      grunt_temple_overflow_diamond, grunt_dithmenos_shadows, serial_shops,
          shop
D:6:      columned_hall_lemuel, minivault_24
D:7:      minitemple, overflow_temple_1_default, uniq_menkaure,
          uniq_prince_ribbit1, uniq_pikel
D:8:      dpeg_lair_monsters, grunt_ogre_cave, nemelex_deck, uniq_maurice
D:9:      lemuel_mausoleum_altar_yredelemnul, minmay_strange_pillars,
          uniq_gastronok
D:10:     grunt_decor_mini_mirrors
D:11:     serial_shops, kennysheep_little_box, solitary_fountain,
          elves_outpost_lemuel, uniq_nergalle
D:12:     orc_0_dummy, serial_shops, shop, minmay_dual_archer_statues, uniq_urug
D:13:     basic_altar, hangedman_abyss_or_decor_stabs
D:14:     grunt_vaults_entry_tiered, minmay_misc_feat_ornament,
          nicolae_qazlal_eye_of_the_storm, uniq_kirke, uniq_sonja
D:15:     hangedman_depths_entry_civil_slaughter, corexii_checkpoint_a,
          uniq_josephine
Temple:   corrupted_temple
Lair:1:   wad_woods_structure_01, uniq_erica
Lair:2:   beast_lair_carwin_10, infiniplex_staircase_pool_2, grunt_megastairs_3
Lair:3:   minmay_shoals_entry_centaurs
Lair:4:   uniq_maud
Lair:5:   spider_nest_entry_web_field, beast_lair_carwin_6
Lair:6:   gammafunk_lair_enchanted_lake, uniq_nessos
Lair:7:   dpeg_oklob_gauntlet, slime_dummy, special_room, beast_lair_carwin_9,
          uniq_snorg
Lair:8:   minmay_lair_end_frog_pond, lemuel_old_faithful
Shoals:1: portal_ice_cave_entry_imps
Shoals:3: overgrown_tower, uniq_mara
Shoals:4: serial_shops, nicolae_shop_competitors_out_of_business,
          shoals_end_grunt_garden, shoals_ilsuiw_ice,
          nicolae_shoals_stone_sculpture_thing, uniq_polyphemus
Spider:2: hangedman_stitches_earthworm
Spider:3: hangedman_spider_mandibles, spider_trap, uniq_nikola, uniq_arachne,
          uniq_roxanne
Spider:4: grunt_spider_rune_parallel
Orc:1:    minmay_goldmine, basic_altar, serial_shops, shop
Orc:2:    special_room, serial_shops, nicolae_shop_competitors_out_of_business
Orc:3:    serial_shops, shop_statue, enter_bailey_3, nicolae_orc_pool_cavern,
          uniq_rupert, uniq_harold
Orc:4:    pf_orc_diabolical, serial_shops, shop, guppyfry_library_mini
Elf:1:    kennysheep_six_static_rooms, minmay_elf_demonology, minivault_16,
          corexii_hall_statues_s, lemuel_flame_loot_1
Elf:2:    serial_shops, nicolae_shop_competitors_out_of_business,
          minmay_misc_feat_five, guppyfry_elf_lava, lemuel_elevator
Elf:3:    elf_hall, serial_shops, shop, nicolae_elf_m_pinch, patterned_corridor,
          uniq_donald, uniq_jorgrun
Vaults:1: vaults_standard_mumra_x, ontoclasm_vaults_bender, grunt_vaults_swirl,
          v_alt_pattern_5, hangedman_vaults_stagger, hangedman_vaults_unwind,
          nicolae_vaults_little_squares_3, st_cross, vaults_room_boxed,
          nicolae_vaults_little_squares_2, nicolae_vaults_angled_halls
Vaults:2: vaults_room_stairs_pillars, nicolae_vaults_puzzle_piece, st_eye,
          ontoclasm_vaults_ring_small, hangedman_vaults_nails,
          hangedman_vaults_river_flow, ontoclasm_vaults_hangar,
          grunt_vaults_twisty, hangedman_vaults_nodes,
          vaults_standard_mumra_enter_the_diamond, ontoclasm_vaults_shuriken,
          vaults_dpeg_spiral, grunt_vaults_diagonal, v_misc_17,
          ontoclasm_vaults_gateway, enter_trove_0
Vaults:3: minmay_crypt_entry_simple_walls, v_misc_33, nicolae_vaults_alarming,
          v_rooms_4, v_misc_3, vaults_room_semicircle, nicolae_vaults_rhombus_6,
          v_misc_4, vaults_mumra_hexcomb, serial_shops,
          nicolae_shop_competitors_out_of_business, uniq_frederick
Vaults:4: v_alt_pattern_6, v_misc_5, hangedman_vaults_snaps,
          hangedman_vaults_stream, ontoclasm_vaults_misaligned, v_misc_29,
          hangedman_vaults_cutoff, vaults_room_grid, vaults_room_grid,
          vaults_dpeg_ring, ontoclasm_vaults_decontamination,
          nicolae_vaults_little_squares_3, serial_shops, nicolae_shop_waterfront
Crypt:1:  grunt_ministairs_7, lemuel_nasty_fountain, uniq_mennas
Crypt:2:  uniq_jory
Crypt:3:  quadcrypt_mu
Depths:1: kennysheep_boxes, rand_demon_pan_entry_1, hell_entry,
          kennysheep_cross_room, feat_on_display
Depths:2: kennysheep_gozag_temple, minmay_holes, grunt_hell_horde, pan_entry,
          serial_bayou_shore_b, basic_stair_grate_trap
Depths:3: lightli_tower_of_babel, hell_entry, rand_demon_pan_entry_4,
          lemuel_round_altar, kennysheep_generic_room_11,
          infiniplex_staircase_squiggle
Depths:4: wad_cavern_with_rooms, abyss_entry, hangedman_decor_riveting,
          hell_entry, eino_curves_02, minmay_staircase_statues_hall_small,
          grunt_megastairs_2
Depths:5: evilmike_zot_entry_hall, enter_ziggurat_d, serial_shops, shop,
          minmay_crystal_room, pan_entry, hangedman_geh_valley,
          minmay_misc_feat_doors, roderic_cross_of_infinity,
          evilmike_spriggan_trog_shrine
Zot:1:    grunt_zot_stairs_mandelzot
Bailey:   bailey_polearm_5, bailey
IceCv:    ice_cave_caverns_03

Table legend:
 A = Turns spent in this place as a percentage of turns spent in the entire game.
 B = Non-inter-level travel turns spent in this place as a percentage of non-inter-level travel turns spent in the entire game.
 C = Inter-level travel turns spent in this place as a percentage of turns spent in this place.
 D = Turns resting spent in this place as a percentage of non-inter-level travel turns spent in this place.
 E = Turns spent auto-exploring this place as a percentage of non-inter-level travel turns spent in this place.
 F = Non-inter-level travel turns spent in this place divided by the number of levels of this place that you've seen.
                   A       B       C       D       E      F
               +-------+-------+-------+-------+-------+----------------------
         Total | 100.0 | 100.0 |   0.3 |   1.4 |   4.7 | 721.3
       Dungeon |  22.3 |  22.3 |   0.5 |   2.1 |   5.8 | 653.5
        Temple |   0.0 |   0.0 |   0.0 |   0.0 |   0.0 |   2.0
          Lair |  17.4 |  17.4 |   0.1 |   1.3 |   3.6 | 957.6
        Shoals |   6.4 |   6.4 |   0.2 |   1.1 |   3.7 | 706.2
   Spider Nest |   8.1 |   8.1 |   0.2 |   0.7 |   3.8 | 886.8
  Orcish Mines |   7.4 |   7.4 |   0.6 |   0.8 |   5.8 | 809.0
   Elven Halls |   7.9 |   7.9 |   0.2 |   0.7 |   5.8 | 1164.0
        Vaults |  13.9 |  14.0 |   0.1 |   1.1 |   5.5 | 1228.2
         Crypt |   8.8 |   8.8 |   0.1 |   1.6 |   3.3 | 1291.0
        Depths |   4.2 |   4.2 |   0.3 |   0.3 |   3.3 | 370.4
           Zot |   0.7 |   0.7 |   0.0 |   2.5 |   0.3 | 315.0
      Ziggurat |   0.8 |   0.8 |   0.0 |   2.8 |   2.8 |  60.0
        Bailey |   0.6 |   0.6 |   0.0 |   2.8 |  10.2 | 283.0
      Ice Cave |   1.4 |   1.4 |   0.0 |   4.6 |   3.1 | 610.0
               +-------+-------+-------+-------+-------+----------------------

Table legend:
 A = Kills in this place as a percentage of kills in entire the game.
 B = Kills by you in this place as a percentage of kills by you in the entire game.
 C = Kills by friends in this place as a percentage of kills by friends in the entire game.
 D = Other kills in this place as a percentage of other kills in the entire game.
 E = Experience gained in this place as a percentage of experience gained in the entire game.
 F = Experience gained in this place divided by the number of levels of this place that you have seen.
                   A       B       C       D       E      F
               +-------+-------+-------+-------+-------+----------------------
         Total | 100.0 | 100.0 | 100.0 | 100.0 | 100.0 | 20117.1
       Dungeon |  18.9 |  19.3 |   0.0 |  10.0 |   6.3 | 5137.7
          Lair |  13.0 |  13.2 |   4.2 |   0.0 |   7.1 | 10911.4
        Shoals |   6.3 |   5.9 |  25.0 |  20.0 |   6.8 | 20767.2
   Spider Nest |   8.5 |   8.3 |  18.8 |   0.0 |   7.2 | 22205.2
  Orcish Mines |  11.3 |  11.2 |  18.8 |   0.0 |   2.2 | 6872.5
   Elven Halls |   8.0 |   7.9 |  14.6 |  10.0 |  10.7 | 43642.0
        Vaults |  16.8 |  16.7 |  12.5 |  60.0 |  29.9 | 73492.0
         Crypt |   7.3 |   7.4 |   4.2 |   0.0 |  14.8 | 60443.3
        Depths |   4.5 |   4.6 |   0.0 |   0.0 |   8.5 | 20818.8
           Zot |   0.9 |   0.9 |   0.0 |   0.0 |   3.4 | 42034.0
      Ziggurat |   1.2 |   1.2 |   2.1 |   0.0 |   1.9 | 3858.5
        Bailey |   1.5 |   1.5 |   0.0 |   0.0 |   0.2 | 2685.0
      Ice Cave |   1.8 |   1.8 |   0.0 |   0.0 |   1.0 | 11728.0
               +-------+-------+-------+-------+-------+----------------------
